[Event "6th Tal Memorial"]
[Site "Moscow/Russia"]
[Date "2011.11.19"]
[Round "4.4"]
[White "Svidler, Peter"]
[Black "Gelfand, Boris"]
[Result "1/2-1/2"]
[ECO "A13"]
[WhiteElo "2755"]
[BlackElo "2744"]
[PlyCount "80"]
[EventDate "2011.??.??"]
[TimeControl "40/6000+30:20/3000+30:900+30"]

1. Nf3 d5 2. c4 e6 3. g3 dxc4 4. Qa4+ c6 5. Qxc4 b5 6. Qc2 Bb7 7. Bg2 Nd7 8.
a4 a6 9. O-O Ngf6 10. Nc3 Be7 11. d4 O-O 12. Rd1 c5 13. axb5 axb5 14. Rxa8 Qxa8 15. Nxb5 Be4 16. Qd2 cxd4 17. Nbxd4 Rb8 18. Nh4 Bc5 19. Qe1 h6 20. Bxe4 Nxe4 21. Be3 Ndf6 22. Nc2 Rxb2 23. Bxc5 Rxc2 24. Bd4 Qa6 25. Kf1 Nd5 26. f3 Nd6 27. Rc1 Qc4 28. Rxc2 Qxc2 29. Ng2 Nc4 30. Qa1 Nd2+ 31. Kf2 Nb3 32. Qb2 Nxd4 33. Qxd4 Qc3 34. Qxc3 Nxc3 35. Nf4 Kf8 36. Nd3 Ke7 37. e4 Kd6 38. Ke3 e5 39. Kd2 Nb5 40.
Ke3 Nc7 1/2-1/2

[Event "6th Tal Memorial"]
[Site "Moscow/Russia"]
[Date "2011.11.19"]
[Round "4.1"]
[White "Aronian, Levon"]
[Black "Anand, Viswanathan"]
[Result "1/2-1/2"]
[ECO "D37"]
[WhiteElo "2802"]
[BlackElo "2811"]
[PlyCount "119"]
[EventDate "2011.??.??"]
[TimeControl "40/6000+30:20/3000+30:900+30"]

1. d4 Nf6 2. c4 e6 3. Nf3 d5 4. Nc3 Be7 5. Bf4 O-O 6. e3 Nbd7 7. Be2 dxc4 8.
O-O Nd5 9. Bxc4 Nxf4 10. exf4 c5 11. dxc5 Qc7 12. g3 Qxc5 13. Qe2 Nb6 14. Bd3 Qh5 15. Qe3 Bf6 16. Ng5 Bxc3 17. bxc3 h6 18. Be2 Qg6 19. Nf3 Qf6 20. Ne5 Bd7 21. c4 Qe7 22. Qe4 Bc6 23. Nxc6 bxc6 24. Qxc6 Rac8 25. Qe4 Rc7 26. Rfd1 Rfc8 27. Rd4 g6 28. Rad1 Qf6 29. Qc2 Rc5 30.
Qb3 Qe7 31. Bf1 R5c7 32. Qb5 Rc5 33. Qb4 R5c7 34. Qxe7 Rxe7 35.
Rd8+ Rxd8 36. Rxd8+ Kg7 37. c5 Nd5 38. Bc4 Nf6 39. Rc8 Rd7 40.
Bb5 Rd1+ 41. Kg2 Ra1 42. a4 a6 43. Bc6 Rc1 44. Ra8 Rxc5 45. Rxa6 Rc2 46. a5 Ng4 47. Be8 Kf8 48. Ra8 Rxf2+ 49. Kg1 Ra2 50. Bb5+ Kg7 51. a6 Nxh2 52. Rc8 Nf3+ 53. Kf1 Nd4 54. Bc4 Ra3 55. Rc7 Nf5 56. Bxe6 Rxa6 57. Bxf7 Kf6 58. Bc4 Ne3+ 59. Kf2 Nxc4 60. Rxc4 1/2-1/2

[Event "6th Tal Memorial"]
[Site "Moscow/Russia"]
[Date "2011.11.19"]
[Round "4.2"]
[White "Kramnik, Vladimir"]
[Black "Ivanchuk, Vassily"]
[Result "1/2-1/2"]
[ECO "D15"]
[WhiteElo "2800"]
[BlackElo "2775"]
[PlyCount "113"]
[EventDate "2011.??.??"]
[TimeControl "40/6000+30:20/3000+30:900+30"]

1. Nf3 d5 2. d4 Nf6 3. c4 c6 4. Nc3 a6 5. e3 b5 6. b3 Bg4 7. Qc2 e6 8. Ne5 Bf5 9. Bd3 Bxd3 10. Nxd3 dxc4 11. bxc4 bxc4 12. Ne5 Nbd7 13. O-O Nxe5 14. dxe5 Nd5 15. Rd1 Qa5 16. Ne4 c3 17. Rb1 Rd8 18. Rd4 Qc7 19. Qa4 a5 20. g3 Bb4 21. Nd6+ Kf8 22. e4 Nb6 23. Qc2 Nd7 24. Nc4 h6 25.
a3 Bc5 26. Rd3 Kg8 27. Qxc3 Kh7 28. Bf4 Rb8 29. Rbd1 Rhd8 30. Qd2 Nb6 31. Rxd8 Nxc4 32. Qd7 Qxd8 33. Qxd8 Rxd8 34. Rxd8 Bxa3 35. Rd4 Nb6 36. Be3 c5 37. Rd1 Nc4 38. Bxc5 Bxc5 39. Rc1 Bxf2+ 40. Kxf2 Nxe5 41. Ke2 Kg6 42. Rc5 Kf6 43. Rxa5 g5 44. h3 h5 45. Rc5 Ng6 46. Kf3 Ne5+ 47. Ke3 Ng6 48. Ra5 h4 49. Kf2 hxg3+ 50. Kxg3 Ne5 51. Rb5 Nd3 52. Rb8 Kg7 53. Kg4 Nf2+ 54. Kxg5 Nxh3+ 55. Kg4 Nf2+ 56. Kf4 Nd3+ 57. Ke3 1/2-1/2

[Event "6th Tal Memorial"]
[Site "Moscow/Russia"]
[Date "2011.11.19"]
[Round "4.5"]
[White "Nepomniachtchi, Ian"]
[Black "Nakamura, Hikaru"]
[Result "1/2-1/2"]
[ECO "B70"]
[WhiteElo "2730"]
[BlackElo "2758"]
[PlyCount "170"]
[EventDate "2011.??.??"]
[TimeControl "40/6000+30:20/3000+30:900+30"]

1. e4 c5 2. Nf3 d6 3. d4 cxd4 4. Nxd4 Nf6 5. Nc3 g6 6. Be2 Bg7 7. O-O O-O 8.
Re1 Nc6 9. Nb3 Be6 10. Bf1 a5 11. Nd2 a4 12. Ndb1 Ra5 13. Na3 d5 14. exd5 Nxd5 15. Ncb5 Qc8 16. c3 Rd8 17. Qe2 Nc7 18. Rd1 Nxb5 19. Nxb5 Ne5 20. Na3 Rad5 21. Rxd5 Rxd5 22. Be3 Ng4 23. h3 Nxe3 24. Qxe3 Qc6 25. Nc2 Qc7 26. a3 Be5 27. Nb4 Rd8 28. Nd3 Bd6 29. Re1 Bf5 30.
g3 Bxd3 31. Bxd3 Bc5 32. Qf3 Rd6 33. Re4 Rb6 34. Bc4 e6 35. Re2 Bxa3 36. Bxe6 Bxb2 37. Bxf7+ Qxf7 38. Qd3 Re6 39. Qd8+ Kg7 40.
Qd4+ Kg8 41. Qd8+ Qf8 42. Qd5 Qd6 43. Qxd6 Rxd6 44. Rxb2 a3 45. Ra2 Ra6 46. Kf1 Kf7 47. Ke2 Ke6 48. Kd3 Kd5 49. f4 h5 50. g4 h4 51. c4+ Kc5 52. Kc3 Re6 53. Rf2 Re3+ 54. Kc2 Kxc4 55. f5 g5 56. f6 Re8 57. f7 Rf8 58. Kb1 Kd5 59. Rf5+ Ke6 60. Rxg5 Rxf7 61. Rh5 b5 62. Rxb5 Rf3 63. Rb6+ Ke5 64. Rb5+ Ke6 65. Rb6+ Kd5 66. g5 Rxh3 67. Rb4 Ke5 68. g6 Kf6 69. Rg4 Kg7 70. Ka2 Kh8 71. Rf4 Kg7 72.
Rg4 Rh1 73. Rb4 h3 74. Rb3 Kxg6 75. Rg3+ Kf5 76. Rc3 Ke5 77. Rxa3 Rh2+ 78. Ka1 Kf4 79. Rb3 Rh1+ 80. Ka2 Rh2+ 81. Ka1 Rh1+ 82. Ka2 Kg4 83. Rb4+ Kg3 84. Rb3+ Kg4 85. Rb4+ Kg3 1/2-1/2

[Event "6th Tal Memorial"]
[Site "Moscow/Russia"]
[Date "2011.11.19"]
[Round "4.3"]
[White "Carlsen, Magnus"]
[Black "Karjakin, Sergey"]
[Result "1/2-1/2"]
[ECO "E32"]
[WhiteElo "2826"]
[BlackElo "2763"]
[PlyCount "134"]
[EventDate "2011.??.??"]
[TimeControl "40/6000+30:20/3000+30:900+30"]

1. d4 Nf6 2. c4 e6 3. Nf3 b6 4. Nc3 Bb4 5. Qc2 Bb7 6. a3 Bxc3+ 7. Qxc3 O-O 8.
Bg5 d6 9. Nd2 Nbd7 10. f3 Rc8 11. e4 h6 12. Bh4 c5 13. Bd3 cxd4 14. Qxd4 Nc5 15. Be2 e5 16. Qf2 Ne6 17. O-O g5 18. Bg3 Nd4 19. Rfd1 Nh5 20.
Bd3 Nf4 21. Qf1 Qf6 22. Bf2 Nde6 23. Bc2 Qg6 24. g3 Nh5 25. Qe2 g4 26. fxg4 Nf6 27. h3 Ng5 28. Kh2 d5 29. Be3 d4 30. Bxg5 hxg5 31. Rf1 Kg7 32.
Rf5 Rh8 33. Kg2 Nd7 34. Nf3 f6 35. h4 Qh6 36. Rf1 Rh7 37. b4 Kh8 38. Rh1 gxh4 39. Rxh4 Qe3 40. Qxe3 dxe3 41. Bd3 Ba6 42. Rxh7+ Kxh7 43. g5 Bxc4 44. Bxc4 Rxc4 45. gxf6 e2 46. Kf2 Rxe4 47. f7 Kg7 48. Ke1 Kf8 49. Ng5 Rg4 50. Nh7+ Ke7 51. Rg5 Rxg5 52. Nxg5 a5 53. b5 Kf6 54. Ne4+ Kxf7 55. Kxe2 Ke6 56. g4 Kd5 57. Kd3 Nf8 58. g5 Ne6 59.
Ke3 Kc4 60. g6 a4 61. Nd2+ Kd5 62. Nb1 Nd4 63. Kd3 Ke6 64. Nc3 Kf6 65. Ke4 Nc2 66. Nb1 Nd4 67. Nc3 Nc2 1/2-1/2